 Dungeon Crawl Stone Soup version 0.24-a0-203-gf0bc1e9 (webtiles) character file.

Game seed: 10027498623075679999

85 Ijustatesigmund the Skirmisher (level 4, -3/31 HPs)
             Began as an Octopode Fighter on Mar 26, 2019.
             Slain by a gnoll
             ... wielding a +0 whip
              (6 damage)
             ... on level 2 of the Dungeon.
             The game lasted 00:02:18 (1571 turns).

Ijustatesigmund the Skirmisher (Octopode Fighter)   Turns: 1571, Time: 00:02:18

Health: -3/31      AC:  1    Str: 15    XL:     4   Next: 48%
Magic:  4/4        EV: 12    Int: 10    God:
Gold:   102        SH:  0    Dex: 12    Spells: 3/3 levels left

rFire    . . .     SeeInvis .   a - +0 war axe
rCold    . . .     Gourm    .   b - +0 shield
rNeg     . . .     Faith    .   (helmet restricted)
rPois    .         Spirit   .   (no amulet)
rElec    .         Reflect  .   (no ring)
rCorr    .         Harm     .   (no ring)
MR       .....                  (no ring)
Stlth    ++........             (no ring)
HPRegen  0.10/turn              (no ring)
MPRegen  0.09/turn              (no ring)
                                (no ring)
                                (no ring)

@: confused
A: almost no armour, stealthy swim, amphibious, 8 rings, constrict 8, camouflage
1, gelatinous body 1
a: no special abilities


You were on level 2 of the Dungeon.
You were not hungry.

You visited 1 branch of the dungeon, and saw 2 of its levels.

You collected 102 gold pieces.

Inventory:

Hand Weapons
 a - a +0 war axe (weapon)
Armour
 b - a +0 shield (worn)
Jewellery
 h - an uncursed ring of fire
Scrolls
 e - 2 scrolls of remove curse
 f - a scroll of identify
Potions
 c - 2 potions of might
 j - a potion of flight
Comestibles
 d - 6 rations
 i - 2 chunks of flesh


   Skills:
 + Level 3.5 Fighting
 * Level 3.2 Axes
 + Level 3.5 Dodging
 + Level 3.4 Shields


You had 3 spell levels left.
You didn't know any spells.
Your spell library was empty.

Dungeon Overview and Level Annotations

Branches:
Dungeon (2/15)

Altars:
Gozag
Ru


Innate Abilities, Weirdness & Mutations

You cannot wear most types of armour.
You are very stealthy in the water. (Stealth+)
You are amphibious.
You can wear up to eight rings at the same time.
You can use your tentacles to constrict eight enemies at once.
Your skin changes colour to match your surroundings (Stealth+).
Your rubbery body absorbs attacks. (AC +1, EV +1)


Message History

You slash the gnoll!
You kill the gnoll!
The kobold throws a stone.
The stone closely misses you.
The kobold throws a stone.
You block the stone. The gnoll hits you but does no damage.
The kobold closely misses you.
You see here a gnoll corpse.
You hit the gnoll. Your grab misses the gnoll. You squeeze the gnoll!
The gnoll is almost dead.
Your shield prevents you from hitting the kobold.
Your shield prevents you from hitting the gnoll.
You block the gnoll's attack. You block the kobold's attack.
The gnoll hits you with a +0 whip!
The gnoll hits you from afar with a +0 halberd!
* * * LOW HITPOINT WARNING * * *
You are too injured to fight recklessly!
You are confused.
You feel invigorated. The gnoll misses you. The kobold hits you.
* * * LOW HITPOINT WARNING * * *
The gnoll hits you with a +0 whip.
You die...

## ## #. !%. #..
..# .. ####..##.
#.##.......
#g.....>.#
#.g#K#...###
#.g@........
##.#(#.####
#..(..# ####### #
###.######.....#
#.....##.....###
#.###.##.......##
#(# #.##.........
#.###.##.......##
#.....#####......


You could see 3 gnolls and a kobold.

Vanquished Creatures
  4 adders (D:2)
  A gnoll (D:2)
  2 dart slugs (D:2)
  A leopard gecko (D:1)
  3 bats
  3 giant cockroaches (D:1)
  5 goblins
  5 hobgoblins
  A jackal (D:1)
  A frilled lizard (D:1)
  3 kobolds
  6 rats
35 creatures vanquished.

Notes
Turn   | Place    | Note
-------+----------+-------------------------------------------
     0 | D:1      | Ijustatesigmund the Octopode Fighter began the quest for
                  | the Orb.
     0 | D:1      | Reached XP level 1. HP: 16/16 MP: 1/1
   158 | D:1      | Reached XP level 2. HP: 15/21 MP: 2/2
   948 | D:2      | Reached XP level 3. HP: 22/26 MP: 3/3
  1072 | D:2      | Found an opulent altar of Gozag.
  1236 | D:2      | Found a sacrificial altar of Ru.
  1373 | D:2      | Reached XP level 4. HP: 31/31 MP: 4/4
  1570 | D:2      | HP: 1/31 [gnoll/+0 halberd (13)]
  1571 | D:2      | Slain by a gnoll

Levels and vault maps discovered:
D:1:      dpeg_arrival_oval, layout_basic
D:2:      layout_loops_cross, nicolae_overflow_hidden_temple,
          nicolae_ru_awakened_eye, xom_teletrap_fun, first_ration

Skill      XL: |  1  2  3 |
---------------+----------+-----
Axes           | 3 |  3.2
Fighting       | |  3.5
Dodging        | |  3.5
Shields        | |  3.4

Action                   |  1- 3 |  4- 6 || total
-------------------------+-------+-------++-------
Melee: War axe           |    68 |     6 ||    74
       Constrict         |    15 |     2 ||    17
       Tentacles         |     9 |     1 ||    10
  Use: Scroll            |     4 |       ||     4
       Potion            |     2 |     1 ||     3
 Stab: Sleeping          |     5 |     1 ||     6
  Eat: Chunk             |     1 |     1 ||     2
Armor: Skin              |     7 |     1 ||     8
Dodge: Dodged            |    35 |     4 ||    39
Block: Shield            |    38 |     5 ||    43

Table legend:
 A = Non-vault XP
 B = Vault XP
 C = Vault XP percentage of total XP
 D = Non-vault monster count
 E = Vault monster count
 F = Vault count percentage of total count
                 A         B        C        D         E       F
            +---------+---------+-------+---------+---------+-------
      Total |     122 |       0 |   0.0 |      35 |       0 |   0.0
            +---------+---------+-------+---------+---------+-------
        D:1 |      30 |       0 |   0.0 |      17 |       0 |   0.0
        D:2 |      92 |       0 |   0.0 |      18 |       0 |   0.0
            +---------+---------+-------+---------+---------+-------
